 Dungeon Crawl Stone Soup version 0.31-a0-1589-g8f5e8aebd6 (webtiles) character file.

Game seed: 18385970854238268571

1351 MisterAzrael the Destroyer (level 8, -8/41 HPs)
             Began as a Deep Elf Conjurer on Jan 5, 2024.
             Killed from afar by a steam dragon (13 damage)
             ... with a ball of steam
             ... on level 6 of the Dungeon on Jan 6, 2024.
             The game lasted 00:14:08 (5584 turns).

MisterAzrael the Destroyer (Deep Elf Conjurer)      Turns: 5584, Time: 00:14:08

Health: -8/41      AC:  2    Str:  3 (4)  XL:     8   Next: 36%
Magic:  11/30      EV: 12    Int: 23 (26) God:
Gold:   338        SH:  0    Dex: 11 (13) Spells: 9/21 levels left

rFire   . . .        l - +2 dagger (flame)
rCold   . . .        (no shield)
rNeg    . . .        a - +0 robe
rPois   .            (no helmet)
rElec   .            (no cloak)
rCorr   .            (no gloves)
SInv    .            (no boots)
Will    .....        (no amulet)
Stlth   ++           i - ring of magical power
HPRegen 0.26/turn    (no ring)
MPRegen 0.22/turn

%: no passive effects
@: very slightly contaminated
A: no striking features
a: no special abilities


You were on level 6 of the Dungeon.
You visited 1 branch of the dungeon, and saw 6 of its levels.

You collected 338 gold pieces.

Inventory:

Hand Weapons
 l - a +2 dagger of flaming (weapon)
Armour
 a - a +0 robe (worn)
 q - a +0 pair of gloves
Magical Staves
 f - a staff of alchemy
Jewellery
 i - a ring of magical power (left hand)
 m - a ring of flight
 x - a ring of resist corrosion
Wands
 t - a wand of charming (12)
Scrolls
 d - 3 scrolls of teleportation {unknown}
 g - a scroll of torment {unknown}
 k - 6 scrolls of identify {unknown}
 r - 2 scrolls of noise {unknown}
 s - a scroll of revelation {unknown}
 v - a scroll of silence {unknown}
 w - a scroll of enchant weapon {unknown}
 y - a scroll of poison {unknown}
Potions
 b - a potion of magic
 c - 3 potions of might
 j - a potion of brilliance {unknown}
 n - a potion of curing {unknown}
 o - a potion of mutation {unknown}
 p - a potion of degeneration
 u - a potion of haste {unknown}


   Skills:
 - Level 2.4 Dodging
 - Level 2.4 Stealth
 + Level 7.4 Spellcasting
 * Level 9.2 Conjurations
 + Level 3.4 Translocations
 + Level 3.4 Alchemy


You had 9 spell levels left.
You knew the following spells:

 Your Spells              Type           Power      Damage    Failure   Level
a - Shock                 Conj/Air       100%       1d9       1%          1
b - Searing Ray           Conj           100%       2d8       1%          2
c - Fulminant Prism       Conj/Alch      18%        3d11      5%          4
d - Iskenderun's Mystic   Conj/Tloc      37%        2d9       5%          4
e - Magic Dart            Conj           100%       1d8       1%          1

Your spell library contained the following spells:

 Spells                   Type           Power      Damage    Failure   Level
 Necrotise                Necr           32%        1d5       8%          1
 Swiftness                Air            8%         N/A       22%         3
 Vampiric Draining        Necr           8%         2d6       22%         3
 Airstrike                Air            4%         2d(1-17)  58%         4
 Martyr's Knell           Necr/Summ      8%         N/A       58%         4
 Curse of Agony           Necr           8%         N/A       90%         5


Dungeon Overview and Level Annotations

Branches:
Dungeon (6/15)
 Temple: D:4-7

Altars:
Trog
Uskayaw
Xom

Shops:
D:2 (   D:4 (


Message History

You can't see any susceptible monsters within range! (Use Z to cast anyway.)
Aiming: Shock (safe; 1% risk of failure)
Press: ? - help, Q - select action, (/) - cycle Shift-Dir - straight line, f - you
Okay, then.
You can't see any item there.
Aiming: Shock (safe; 1% risk of failure)
Press: ? - help, Q - select action, (/) - cycle Shift-Dir - straight line You are engulfed in a cloud of scalding steam.
Casting: Shock (safe; 1% risk of failure)
Confirm with . or Enter, or press ? or * to list all spells.
You miscast Iskenderun's Mystic Blast.
You are very lightly contaminated with residual magic.
Nothing appears to happen.
The steam dragon barely misses you. The steam dragon closely misses you.
The steam dragon bites you! The steam dragon barely misses you.
Casting: Iskenderun's Mystic Blast (dangerous; 5% risk of failure)
Confirm with . or Enter, or press ? or * to list all spells.
You erupt in a blast of force!
The mystic blast hits the steam dragon!
The steam dragon is heavily wounded.
The steam dragon bites you!
* * * LOW HITPOINT WARNING * * *
The steam dragon closely misses you.
Casting: Iskenderun's Mystic Blast (dangerous; 5% risk of failure)
Confirm with . or Enter, or press ? or * to list all spells.
You erupt in a blast of force!
The mystic blast hits the steam dragon!
The steam dragon is severely wounded.
The steam dragon misses you. The steam dragon claws you.
* * * LOW HITPOINT WARNING * * *
Casting: Iskenderun's Mystic Blast (dangerous; 5% risk of failure)
Confirm with . or Enter, or press ? or * to list all spells.
Okay, then.
Okay, then.
Okay, then.
Casting: Iskenderun's Mystic Blast (dangerous; 5% risk of failure)
Confirm with . or Enter, or press ? or * to list all spells.
You erupt in a blast of force!
The mystic blast hits the steam dragon.
The steam dragon is almost dead.
The steam dragon breathes steam at you. The ball of steam hits you!
You die...

....#.#####
##....###...#.. ......
#######.....#.......#
..##..##
.............#......
.... ........#.###....##
....##...####.........#
#.....#####......#.....
.##.......<.............
......D.................
#..<...@................
.......###..............
....... #..............
....... #..............
......# #..........
...... #........#.
>..... #...##### ######
...#


You could see a steam dragon (catching breath).

Vanquished Creatures
  Menkaure (D:4)
  An orc warrior (D:6)
  An ice beast (D:5)
  4 ogres
  2 scorpions
  2 howler monkeys (D:5)
  3 bombardier beetles
  2 hounds
  2 iguanas
  Natasha (D:4)
  An orc wizard (D:6)
  12 adders
  4 gnolls (D:3)
  A white imp (D:6)
  2 dart slugs
  19 orcs
  11 ball pythons
  3 endoplasms
  A giant cockroach (D:2)
  2 goblins
  5 hobgoblins
  6 jackals
  2 quokkas
  7 bats
  A kobold (D:1)
  2 rats (D:2)
98 creatures vanquished.

Vanquished Creatures (others)
  A fulminant prism (D:6)
1 creature vanquished.

Grand Total: 99 creatures vanquished

Notes
Turn   | Place    | Note
-------+----------+-------------------------------------------
     0 | D:1      | MisterAzrael the Deep Elf Conjurer began the quest for the
                  | Orb.
     0 | D:1      | Reached XP level 1. HP: 10/10 MP: 6/6
   647 | D:1      | Reached XP level 2. HP: 15/15 MP: 5/8
   650 | D:1      | Learned a level 2 spell: Searing Ray
  1311 | D:2      | Found Seun's Weapon Shop.
  1374 | D:2      | Reached skill level 5 in Conjurations
  1481 | D:2      | Reached XP level 3. HP: 8/19 MP: 10/10
  2035 | D:3      | Reached XP level 4. HP: 24/24 MP: 12/12
  2254 | D:3      | Reached skill level 6 in Conjurations
  2338 | D:3      | Reached XP level 5. HP: 28/28 MP: 14/14
  2639 | D:3      | Reached skill level 5 in Spellcasting
  3181 | D:4      | Found a bloodstained altar of Trog.
  3181 | D:4      | Found a shimmering altar of Xom.
  3323 | D:4      | Found Yxeigaw's Antique Weapon Emporium.
  3351 | D:4      | Reached skill level 7 in Conjurations
  3512 | D:4      | Noticed Menkaure
  3525 | D:4      | Killed Menkaure
  3526 | D:4      | Reached XP level 6. HP: 25/32 MP: 16/16
  3558 | D:4      | Learned a level 4 spell: Fulminant Prism
  3563 | D:4      | Learned a level 4 spell: Iskenderun's Mystic Blast
  3686 | D:4      | Noticed Natasha
  3689 | D:4      | Killed Natasha
  3775 | D:5      | Entered Level 5 of the Dungeon
  3913 | D:5      | Found a hide-covered altar of Uskayaw.
  3921 | D:5      | Noticed an ice beast
  3934 | D:5      | Killed an ice beast
  3935 | D:5      | Reached skill level 1 in Translocations
  3935 | D:5      | Reached skill level 1 in Alchemy
  3935 | D:5      | Reached XP level 7. HP: 3/36 MP: 18/18
  4203 | D:5      | Reached skill level 8 in Conjurations
  4721 | D:5      | Reached XP level 8. HP: 41/41 MP: 20/20
  5152 | D:6      | Reached skill level 9 in Conjurations
  5571 | D:6      | Learned a level 1 spell: Shock
  5584 | D:6      | Killed from afar by a steam dragon

Illustrated notes

Levels and vault maps discovered:
D:1:      amcnicky_arrival_single_pillar, layout_basic, serial_forest,
          infiniplex_forest_fountain, infiniplex_forest_clump_cross,
          infiniplex_forest_clump_long, infiniplex_forest_straight_3,
          infiniplex_forest_straight_3, infiniplex_forest_clump_long,
          infiniplex_forest_lined_room_2, infiniplex_forest_clump_curved,
          serial_bayou_ford_a
D:2:      layout_basic, serial_shops, shop
D:3:      layout_basic
D:4:      layout_basic, nicolae_overflow_two_pavilions, serial_shops,
          nicolae_shop_hallway_plus, uniq_menkaure, uniq_natasha
D:5:      layout_loops_ring, mainiacjoe_overflow_tiny_flanked
D:6:      layout_rooms, kiku_gazebo_garden_becter,
          gammafunk_temple_overflow_forgotten

Skill      XL: |  1  2  3  4  5  6  7  8 |
---------------+-------------------------+-----
Conjurations   | 5 6 7 8 9 |  9.2
Spellcasting   | 4 5 6 7 |  7.4
Translocations | 1 2 3 |  3.4
Alchemy        | 1 2 3 |  3.4
Dodging        | |  2.4
Stealth        | |  2.4

Action                     |  1- 3 |  4- 6 |  7- 9 || total
---------------------------+-------+-------+-------++-------
  Melee: Dagger            |     6 |    12 |       ||    18
   Cast: Magic Dart        |    61 |    89 |    72 ||   222
         Searing Ray       |     1 |     4 |    11 ||    16
         Iskenderun's Myst |       |       |     9 ||     9
         Shock             |       |       |     5 ||     5
         Fulminant Prism   |       |       |     1 ||     1
    Use: Potion            |       |       |     4 ||     4
 Armour: Robe              |    11 |    14 |    23 ||    48
  Dodge: Dodged            |    14 |    13 |    12 ||    39

Table legend: (Time is in decaauts)
 A = Elapsed time spent in this place.
 B = Non-inter-level travel time spent in this place.
 C = Inter-level travel time spent in this place.
 D = Time resting spent in this place.
 E = Time spent auto-exploring this place.
 F = Levels seen in this place.
 G = Mean time per level.
                   A        B        C        D        E       F      G
               +--------+--------+--------+--------+--------+-----+--------+
         Total |   5601 |   5454 |    147 |    629 |   4193 |   6 |  933.5 |
       Dungeon |   5601 |   5454 |    147 |    629 |   4193 |   6 |  933.5 |
               +--------+--------+--------+--------+--------+-----+--------+

Top non-repeatable levels by time:
     D:1: 1241 daAuts
     D:5: 1152 daAuts
     D:4: 919 daAuts
     D:3: 843 daAuts
     D:2: 788 daAuts
     D:6: 655 daAuts
